 Dungeon Crawl Stone Soup version 0.28-a0-101-g18048e5a82 (webtiles) character file.

Game seed: 9350228527788391700

7 flotson the Sneak (level 1, 0/18 HPs)
             Began as a Demonspawn Delver on Aug 10, 2021.
             Slain by a kobold (2 damage)
             ... on level 1 of the Dungeon.
             The game lasted 00:01:05 (126 turns).

flotson the Sneak (Demonspawn Delver)                Turns: 126, Time: 00:01:06

Health: 0/18       AC:  3    Str: 12    XL:     1   Next: 91%
Magic:  1/1        EV: 11    Int: 11    God:
Gold:   0          SH:  0    Dex: 14    Spells: 0/0 levels left

rFire   . . .      SeeInvis .   a - +0 hand axe
rCold   . . .      Faith    .   (no shield)
rNeg    . . .      Spirit   .   b - +0 leather armour
rPois   .          Reflect  .   (no helmet)
rElec   .          Harm     .   (no cloak)
rCorr   .          Rampage  .   (no gloves)
Will    .....                   (no boots)
Stlth   ++........              (no amulet)
HPRegen 0.06/turn               (no ring)
MPRegen 0.07/turn               (no ring)

@: no status effects
A: no striking features
a: no special abilities


You were on level 1 of the Dungeon.
You visited 1 branch of the dungeon, and saw 5 of its levels.

Inventory:

Hand Weapons
 a - a +0 hand axe (weapon)
Armour
 b - a +0 leather armour (worn)
Wands
 g - a wand of digging (3)
Scrolls
 c - a scroll of fog
Potions
 f - a potion of haste


   Skills:
 + Level 3.1 Fighting
 + Level 2.0 Axes
 + Level 0.4 Armour
 + Level 1.9 Dodging
 - Level 4.5 Stealth


You couldn't memorise any spells.
You didn't know any spells.
Your spell library was empty.

Dungeon Overview and Level Annotations

Branches:
Dungeon (5/15)
 Temple: D:4-7

Altars:

Shops:
D:1 ?


Message History

The bat hits you but does no damage. The bat hits you but does no damage.
The bat hits you.
* * * LOW HITPOINT WARNING * * *
The bat hits you but does no damage.
Cornered, the giant cockroach turns to fight!
Found a stone staircase leading up.
A ball python comes into view.
The ball python hisses angrily.
There is a stone staircase leading up here.
You climb upwards.
A hobgoblin comes into view.
Found 5 sling bullets and a scroll labelled UBUCUOVAFF.
Found two stone staircases leading up.
There is a stone staircase leading down here.
The hobgoblin shouts!
An adder comes into view.
There is a stone staircase leading up here.
You climb upwards. 2 rats come into view.
Found 101 gold pieces.
Found Liop's Magic Scroll Shoppe.
There is a stone staircase leading down here.
The rat bites you.
* * * LOW HITPOINT WARNING * * *
You barely miss the rat. The rat bites you.
* * * LOW HITPOINT WARNING * * *
You hit the rat.
You kill the rat!
A quokka and a kobold come into view.
The kobold shouts!
You hear an angry hiss.
Your leather armour prevents you from hitting the rat.
A ball python comes into view.
The rat closely misses you.
You closely miss the rat. The rat closely misses you.
The rat barely misses you.
You slash the rat!
You kill the rat!
Your Axes skill increases to level 2!
You closely miss the kobold. The kobold hits you with a +0 dagger.
You die...

##########
#.........
#.......#
#..^....#.
#.>......⌠
#@†.......
#..#####K.......#
#......S....##.#
#.K##$$$....# #
#$∩$.##.#
.$$$......
...#.##r.###
....#.# ....
.......# .##


You could see a ball python and a kobold.

Vanquished Creatures
  A giant cockroach (D:3)
  3 jackals (D:3)
  A frilled lizard (D:3)
  2 rats (D:1)
7 creatures vanquished.

Notes
Turn   | Place    | Note
-------+----------+-------------------------------------------
     0 | D:5      | flotson the Demonspawn Delver began the quest for the Orb.
     0 | D:5      | Reached XP level 1. HP: 18/18 MP: 1/1
     8 | D:4      | Noticed a sky beast
     8 | D:4      | Noticed a jelly
   115 | D:1      | Found Liop's Magic Scroll Shoppe.
   126 | D:1      | Slain by a kobold

Illustrated notes

Levels and vault maps discovered:
D:1:      dpeg_arrival_windows_large_door, layout_loops_cross, serial_shops,
          nicolae_shop_crystal, shop_coins, shop, shop_fountains,
          ebering_ecumenical_altar_mist
D:2:      layout_rooms, feat_on_display
D:3:      layout_rooms, ebering_ghost_rock_garden
D:4:      layout_loops_ring
D:5:      layout_basic, corexii_checkpoint_b

Skill      XL: |  1 |
---------------+----+-----
Axes           | 2 |  2.0
Fighting       | |  3.1
Armour         | |  0.4
Dodging        | |  1.9
Stealth        | |  4.5

Action                   || total
-------------------------++-------
Melee: Hand axe          ||    19
  Use: Scroll            ||     2
Armor: Leather armour    ||     5
Dodge: Dodged            ||    16

Table legend: (Time is in decaauts)
 A = Elapsed time spent in this place.
 B = Non-inter-level travel time spent in this place.
 C = Inter-level travel time spent in this place.
 D = Time resting spent in this place.
 E = Time spent auto-exploring this place.
 F = Levels seen in this place.
 G = Mean time per level.
                   A        B        C        D        E       F      G
               +--------+--------+--------+--------+--------+-----+--------+
         Total |    128 |    128 |      0 |      0 |      2 |   5 |   25.6 |
       Dungeon |    128 |    128 |      0 |      0 |      2 |   5 |   25.6 |
               +--------+--------+--------+--------+--------+-----+--------+

Top non-repeatable levels by time:
     D:3: 84 daAuts
     D:4: 18 daAuts
     D:1: 11 daAuts
     D:5: 8 daAuts
     D:2: 5 daAuts
